 Dungeon Crawl Stone Soup version 0.27-a0-931-g5a74e75d8f (webtiles) character file.

Game seed: 15803555025547207817

69 Alarkh the Ruffian (level 4, 34/34 HPs)
             Began as a Demonspawn Gladiator on Apr 10, 2021.
             Got out of the dungeon alive.
             The game lasted 00:01:49 (1364 turns).

Alarkh the Ruffian (Demonspawn Gladiator)           Turns: 1364, Time: 00:01:50

Health: 34/34      AC:  7    Str: 15    XL:     4   Next: 2%
Magic:  4/4        EV: 12    Int: 10    God:
Gold:   40         SH:  0    Dex: 14    Spells: 3/3 levels left

rFire    . . .     SeeInvis .     - Unarmed
rCold    . . .     Faith    .   (no shield)
rNeg     . . .     Spirit   .   a - +0 leather armour
rPois    .         Reflect  .   i - +1 helmet
rElec    .         Harm     .   (no cloak)
rCorr    .         Rampage  .   (no gloves)
Will     .....                  (no boots)
Stlth    +.........             (no amulet)
HPRegen  0.11/turn              (no ring)
MPRegen  0.09/turn              (no ring)

@: no status effects
A: molten scales 1, foul stench 1, spiny 1
a: no special abilities


You escaped.
You visited 1 branch of the dungeon, and saw 2 of its levels.

You collected 40 gold pieces.

Inventory:

Missiles
 c - 3 throwing nets (quivered)
Armour
 a - a +0 leather armour (worn)
 i - a +1 helmet (worn)
Magical Staves
 b - a staff of poison
Scrolls
 d - a scroll of amnesia {unknown}
 h - a scroll of silence {unknown}
Potions
 e - 3 potions of attraction {unknown}
 f - 2 potions of heal wounds {unknown}
 g - a potion of haste {unknown}


   Skills:
 + Level 2.9 Fighting
 - Level 1.7 Throwing
 - Level 2.6 Dodging
 * Level 4.0 Unarmed Combat


You had 3 spell levels left.
You didn't know any spells.
Your spell library was empty.

Dungeon Overview and Level Annotations

Branches:
Dungeon (2/15)

Altars:


Innate Abilities, Weirdness & Mutations

You are partially covered in molten scales. (AC +2)
You may rarely emit foul miasma when damaged in melee.
You are partially covered in sharp spines.


Message History

The hobgoblin is heavily wounded.
The hobgoblin is struck by your spines.
You kill the hobgoblin!
No target in view!
No target in view!
No target in view!
No target in view!
No target in view!
No target in view!
No target in view!
No target in view!
Items here: ( )) ÷.
There is a stone staircase leading down here.
b - a staff of poison
(D) Dungeon
Where to? (Enter - D:2, ? - help)
What level of the Dungeon? (default 1, ? - help)
Items here: )) ÷÷.
Things that are here:
a +0 dagger; a goblin skeleton You see here a +0 club.
Things that are here:
a +0 dagger; a +0 club HP restored.
There is a stone staircase leading up here.
You climb upwards.
There is a stone staircase leading down here.
Unknown command.
You see here 19 stones.
Key pressed, stopping travel.
You can't go up here!
Unknown command.
Unknown command.
Unknown command.
Unknown command.
Unknown command.
There is a faded altar of an unknown god here.
There is a staircase leading out of the dungeon here.
Are you sure you want to leave the Dungeon?
This will make you lose the game!
You have escaped!

.#.###.........###.........#
##............## ##........#
......#.......# #..(.....#
..............## ##........#
...............###.........#
......#....................#
......#..###.........###...#
......#.## ##..[....## ##..#
......#.# #...@...# #..#
._......## ##.......## ##..#
######...###.........###...#
# #.....................# #
##.......(###.........# #
#.......## ##......(.# #
#.......# #.......## #
#.......## ##.......#
#........###........#


There were no monsters in sight!

Vanquished Creatures
  Robin (D:2)
  An adder (D:2)
  2 dart slugs (D:1)
  3 ball pythons (D:1)
  2 endoplasms
  A giant cockroach (D:1)
  9 goblins
  7 hobgoblins
  2 jackals (D:1)
  A quokka (D:1)
  2 bats
  2 frilled lizards (D:1)
  2 kobolds (D:1)
  5 rats (D:1)
40 creatures vanquished.

Notes
Turn   | Place    | Note
-------+----------+-------------------------------------------
     0 | D:1      | Alarkh the Demonspawn Gladiator began the quest for the
                  | Orb.
     0 | D:1      | Reached XP level 1. HP: 16/16 MP: 1/1
   172 | D:1      | Reached skill level 3 in Unarmed Combat
   173 | D:1      | Found a faded altar of an unknown god.
   351 | D:1      | Gained mutation: You are partially covered in sharp spines.
                  | [demonic ancestry]
   351 | D:1      | Reached XP level 2. HP: 11/22 MP: 2/2
   735 | D:1      | Gained mutation: You are partially covered in molten
                  | scales. (AC +2) [demonic ancestry]
   735 | D:1      | Reached XP level 3. HP: 28/28 MP: 3/3
  1043 | D:2      | Noticed Robin
  1078 | D:2      | Killed Robin
  1289 | D:2      | Reached skill level 4 in Unarmed Combat
  1289 | D:2      | Gained mutation: You may rarely emit foul miasma when
                  | damaged in melee. [demonic ancestry]
  1289 | D:2      | Reached XP level 4. HP: 31/34 MP: 4/4
  1364 | D:$      | Got out of the dungeon alive.

Illustrated notes

Levels and vault maps discovered:
D:1:      minmay_arrival_four_circles, layout_basic, basic_ecumenical_altar,
          minmay_misc_feat_iff
D:2:      minmay_inner_zag, layout_loops_cross, minmay_goblin_outpost,
          uniq_robin

Skill      XL: |  1  2  3 |
---------------+----------+-----
Unarmed Combat | 3 4 |  4.0
Fighting       | |  2.9
Throwing       | |  1.7
Dodging        | |  2.6

Action                   |  1- 3 |  4- 6 || total
-------------------------+-------+-------++-------
Melee: Unarmed           |   108 |     4 ||   112
       Punch             |     1 |       ||     1
Armor: Leather armour    |    26 |       ||    26
Dodge: Dodged            |    67 |     2 ||    69

Table legend: (Time is in decaauts)
 A = Elapsed time spent in this place.
 B = Non-inter-level travel time spent in this place.
 C = Inter-level travel time spent in this place.
 D = Time resting spent in this place.
 E = Time spent auto-exploring this place.
 F = Levels seen in this place.
 G = Mean time per level.
                   A        B        C        D        E       F      G
               +--------+--------+--------+--------+--------+-----+--------+
         Total |   1357 |   1283 |     74 |    158 |    897 |   2 |  678.5 |
       Dungeon |   1357 |   1283 |     74 |    158 |    897 |   2 |  678.5 |
               +--------+--------+--------+--------+--------+-----+--------+

Top non-repeatable levels by time:
     D:1: 1219 daAuts
     D:2: 138 daAuts
